AoeStats
← martin.fischer.ac

Black Forest

506459039Analyzed
3v3 RM · 19d ago on Sep 13, 2026· 45m 50s· 6 players
Game mode
Random Map
Map size
Normal (6 player)
Population
200
Speed
Normal
Resources
Standard
Victory
Conquest
Starting age
Dark Age
Ending age
Imperial Age
RankedLock teamsTeams togetherTeam positionsShared explorationLock speedFull tech treeHidden civsTurbo modeCheats
Victory
Defeat
🇦🇷 Khmer · Argentina
984
+12
🇦🇷 Romans · Argentina
959
+13
🇦🇷 Celts · Argentina
802
+18
🇲🇽 Aztecs · Mexico
891
-15
🇦🇷 Celts · Argentina
882
-14
🇩🇪 Britons · Germany
870
-14
jorge_luis_sh
0:27 Loom
13:54 Feudal Age
16:00 Wheelbarrow
15:13 Double-Bit Axe
15:10 Horse Collar
23:33 Castle Age
24:51 Heavy Plow
24:44 Elite Skirmisher
28:31 Bow Saw
29:15 Hand Cart
32:08 Fervor
32:21 Town Watch
33:41 Forging
33:35 Gold Mining
33:45 Stone Mining
37:56 Imperial Age
36:29 Fletching
37:15 Iron Casting
36:41 Scale Mail Armor
36:42 Padded Archer Armor
36:03 Pikeman
36:44 Squires
36:30 Arson
37:50 Gold Shaft Mining
37:31 Caravan
37:33 Treadmill Crane
38:59 Block Printing
38:56 Redemption
39:07 Fortified Wall
40:25 Atonement
40:21 Bodkin Arrow
40:51 Conscription
41:31 Gambesons
Djsanty8183
0:30 Loom
15:25 Feudal Age
16:44 Wheelbarrow
20:17 Castle Age
19:04 Double-Bit Axe
19:34 Gold Mining
20:40 Scale Barding Armor
25:32 Stone Mining
27:10 Forging
30:36 Chain Barding Armor
30:51 Iron Casting
30:52 Bow Saw
33:07 Hand Cart
32:38 Town Watch
33:21 Horse Collar
34:33 Fletching
35:10 Ballistics
36:02 Gold Shaft Mining
36:03 Stone Shaft Mining
35:33 Heavy Plow
39:33 Imperial Age
38:16 Bodkin Arrow
38:52 Husbandry
41:31 Chemistry
40:37 Siege Engineers
41:36 Blast Furnace
41:35 Elite Woad Raider
41:40 Heavy Scorpion
42:00 Heavy Scorpion
42:29 Cavalier
43:18 Scale Mail Armor
43:52 Town Patrol
43:25 Heavy Scorpion
44:17 Paladin
martin.fischer.ac
10:54 Loom
13:23 Feudal Age
14:29 Arson
15:06 Double-Bit Axe
17:53 Horse Collar
23:49 Castle Age
24:47 Fletching
30:00 Town Watch
32:31 Wheelbarrow
33:31 Husbandry
33:54 Hand Cart
36:17 Heavy Plow
36:34 Bow Saw
36:36 Stone Mining
36:36 Gold Mining
37:10 Scale Barding Armor
37:23 Light Cavalry
Predatory Shadow
0:26 Loom
11:50 Feudal Age
12:21 Man-at-Arms
14:40 Double-Bit Axe
14:48 Gold Mining
19:39 Fletching
21:48 Scale Mail Armor
21:44 Horse Collar
23:27 Forging
25:38 Wheelbarrow
26:08 Padded Archer Armor
29:32 Castle Age
29:51 Town Watch
30:43 Hand Cart
30:57 Bow Saw
32:03 Heavy Plow
35:43 Gold Shaft Mining
39:16 Imperial Age
37:11 Ballistics
37:02 Fortified Wall
36:48 Murder Holes
37:04 Masonry
36:49 Stone Mining
36:29 Long Swordsman
36:30 Pikeman
37:11 Squires
38:36 Iron Casting
38:16 Chain Mail Armor
39:34 Legionary
43:03 Blast Furnace
41:59 Bodkin Arrow
42:19 Leather Archer Armor
42:10 Scale Barding Armor
43:12 Chemistry
43:31 Crop Rotation
44:20 Legionary
44:28 Heavy Scorpion
44:32 Halberdier
Magic3arth
11:22 Feudal Age
15:00 Castle Age
21:24 Horse Collar
24:55 Gold Mining
25:35 Double-Bit Axe
27:10 Gold Shaft Mining
26:31 Stone Mining
31:31 Imperial Age
29:28 Bow Saw
30:54 Wheelbarrow
30:05 Town Watch
31:01 Stone Shaft Mining
30:11 Horse Collar
31:57 Coinage
32:18 Heavy Plow
32:29 Capped Ram
32:31 Onager
34:09 Stone Shaft Mining
33:53 Hand Cart
33:38 Town Patrol
33:24 Loom
35:49 Ballistics
36:30 Chemistry
36:10 Heavy Scorpion
36:11 Siege Ram
37:14 Double Crossbow
36:51 Light Cavalry
37:42 Bloodlines
37:32 Husbandry
37:54 Forging
37:50 Scale Barding Armor
37:56 Scale Barding Armor
40:29 Iron Casting
40:15 Chain Barding Armor
39:57 Scale Mail Armor
40:04 Caravan
40:38 Banking
41:08 Siege Engineers
40:59 Murder Holes
44:19 Masonry
44:25 Fortified Wall
44:05 Guard Tower
ZZ4KI
5:14 Loom
10:19 Feudal Age
11:58 Wheelbarrow
11:13 Double-Bit Axe
12:37 Horse Collar
20:36 Castle Age
21:39 Hand Cart
21:40 Bow Saw
22:28 Gold Mining
28:54 Pikeman
29:58 Heavy Plow
30:25 Arson
34:48 Imperial Age
33:43 Town Watch
34:55 Capped Ram
35:03 Capped Ram
36:11 Furor Celtica
36:47 Forging
37:19 Conscription
37:19 Halberdier
38:46 Ballistics
39:47 Siege Ram
44:01 Town Patrol
44:43 Iron Casting
44:00 Treadmill Crane
44:33 Masonry
44:20 Murder Holes
Connection lost

Rejoining the realm…

Still unreachable

The connection could not be restored.

Session expired

The server has moved on; the page needs a fresh start.